AoeStats
← Denera

Golden Pit

510207372Analyzed
1v1 RM · 2d ago on Sep 29, 2026· 36m 8s· 2 players
Game mode
Random Map
Map size
Tiny (2 player)
Population
200
Speed
Normal
Resources
Standard
Victory
Conquest
Starting age
Dark Age
Ending age
Imperial Age
RankedLock teamsTeams togetherTeam positionsShared explorationLock speedFull tech treeHidden civsTurbo modeCheats
Victory
Defeat
🇧🇷 Hindustanis · Brazil
1450
+15
🇪🇸 Portuguese · Spain
1435
-15
Sir_Piñeiro
7:37 Loom
9:50 Feudal Age
9:55 Man-at-Arms
14:12 Town Watch
16:30 Fletching
18:14 Double-Bit Axe
20:13 Wheelbarrow
24:00 Castle Age
24:42 Bodkin Arrow
24:08 Crossbowman
26:43 Bow Saw
31:03 Ballistics
Denera
6:21 Loom
9:15 Feudal Age
9:59 Double-Bit Axe
12:03 Horse Collar
14:32 Town Watch
16:52 Scale Barding Armor
18:53 Wheelbarrow
22:03 Castle Age
19:55 Gold Mining
20:49 Bloodlines
21:17 Forging
23:02 Bow Saw
23:36 Husbandry
23:42 Heavy Plow
25:33 Light Cavalry
27:50 Stone Mining
31:46 Fletching
34:40 Chain Barding Armor
Connection lost

Rejoining the realm…

Still unreachable

The connection could not be restored.

Session expired

The server has moved on; the page needs a fresh start.